 Dungeon Crawl Stone Soup version 0.30-a0-1085-g990a428a5c (webtiles) character file.

Game seed: 7591467062996823951

1145 Zonian the Ducker (level 8, -7/64 HPs)
             Began as a Gnoll Gladiator on Apr 17, 2023.
             Mangled by an ogre
             ... wielding a +0 giant spiked club
              (25 damage)
             ... on level 6 of the Dungeon.
             The game lasted 00:10:20 (5019 turns).

Zonian the Ducker (Gnoll Gladiator)                 Turns: 5019, Time: 00:10:20

Health: -7/64      AC: 12    Str: 13    XL:     8   Next: 37%
Magic:  13/13      EV: 13    Int:  8    God:
Gold:   367        SH:  0    Dex: 22    Spells: 13/13 levels left

rFire   . . .      SeeInvis .    m - +2 dagger (venom)
rCold   . . .      Faith    .    y - orb {*Rage}
rNeg    . . .      Spirit   .    B - +0 scale mail
rPois   +          Reflect  .    c - +0 helmet
rElec   .          Rampage  .    j - +2 cloak
rCorr   .          Rage     20%  o - +0 pair of gloves
Will    .....                    (no boots)
Stlth   +                        w - amulet of magic regeneration
HPRegen 0.30/turn                u - ring of poison resistance
MPRegen 0.53/turn                x - +6 ring of dexterity

@: on berserk cooldown, slowed, studying Maces & Flails, very slow
A: fangs 1, strong nose, distributed training
a: no special abilities


You were on level 6 of the Dungeon.
You visited 1 branch of the dungeon, and saw 6 of its levels.
You also visited: Sewer.

You collected 367 gold pieces.

Inventory:

Hand Weapons
 a - a +0 rapier
 d - a +1 flail of protection
 m - a +2 dagger of venom (weapon)
 E - a +2 war axe of venom
 P - the +0 mace of Rotation {freeze, rF++ rN++ Will-}
   (You found it on level 5 of the Dungeon)

   rF:        It greatly protects you from fire.
   rN:        It greatly protects you from negative energy.
   Will:      It decreases your willpower.
Missiles
 e - a javelin
 h - 12 poisoned darts (quivered)
 i - 6 boomerangs of dispersal
 N - a throwing net
Armour
 b - a +0 leather armour
 c - a +0 helmet (worn)
 j - a +2 cloak (worn)
 o - a +0 pair of gloves (worn)
 y - an orb of wrath (worn)
 B - a +0 scale mail (worn)
 F - a +0 pair of gloves
Jewellery
 f - a ring of protection from fire
 u - a ring of poison resistance (left hand)
 w - an amulet of magic regeneration (around neck)
 x - a +6 ring of dexterity (right hand)
 O - an amulet of guardian spirit
Scrolls
 l - 2 scrolls of magic mapping {unknown}
 s - 6 scrolls of teleportation
 v - a scroll of blinking {unknown}
 z - a scroll of fog {unknown}
 A - 3 scrolls of fear {unknown}
 D - a scroll of torment {unknown}
 G - a scroll of vulnerability {unknown}
 I - a scroll of immolation {unknown}
 K - a scroll of amnesia {unknown}
 M - a scroll of enchant weapon {unknown}
 Q - a scroll of enchant armour {unknown}
Potions
 g - a potion of degeneration
 k - 2 potions of mutation
 n - 2 potions of lignification
 p - 2 potions of curing
 q - 2 potions of haste
 r - 3 potions of attraction
 t - a potion of might {unknown}
 C - 4 potions of flight
 H - a potion of cancellation {unknown}
 J - a potion of resistance
 L - 2 potions of heal wounds {unknown}
 R - a potion of berserk rage {unknown}
 S - a potion of brilliance {unknown}


   Skills:
 + Level 5.7 Fighting
 + Level 7.4 Short Blades
 + Level 3.3 Long Blades
 + Level 3.3 Axes
 + Level 4.0 Maces & Flails
 + Level 3.3 Polearms
 + Level 3.3 Staves
 + Level 3.3 Ranged Weapons
 + Level 5.7 Throwing
 + Level 3.3 Armour
 + Level 7.4 Dodging
 + Level 3.3 Stealth
 + Level 3.3 Shields
 + Level 3.3 Unarmed Combat
 + Level 3.3 Spellcasting
 + Level 2.7 Conjurations
 + Level 2.7 Hexes
 + Level 2.7 Summonings
 + Level 2.7 Necromancy
 + Level 2.7 Translocations
 + Level 2.7 Transmutations
 + Level 2.7 Fire Magic
 + Level 2.7 Ice Magic
 + Level 2.7 Air Magic
 + Level 2.7 Earth Magic
 + Level 2.7 Poison Magic
 + Level 3.7 Invocations
 + Level 3.3 Evocations


You had 13 spell levels left.
You didn't know any spells.
Your spell library contained the following spells:

 Spells                   Type           Power      Damage    Failure   Level
 Beastly Appendage        Tmut           10%        N/A       41%         1
 Necrotise                Necr           20%        1d5       41%         1
 Wereblood                Tmut           5%         N/A       54%         2
 Call Canine Familiar     Summ           5%         N/A       78%         3
 Portal Projectile        Hex/Tloc       10%        N/A       78%         3
 Spider Form              Tmut/Pois      5%         N/A       78%         3
 Vampiric Draining        Necr           5%         2d6       78%         3
 Animate Armour           Summ/Erth      10%        N/A       99%         4
 Leda's Liquefaction      Hex/Erth       2%         N/A       99%         4
 Agony                    Necr           5%         N/A       100%        5
 Blade Hands              Tmut           2%         N/A       100%        5
 Iron Shot                Conj/Erth      2%         9d2       100%        6


Dungeon Overview and Level Annotations

Branches:
Dungeon (6/15)             Temple (0/1) D:5           Sewer (visited)

Altars:

Shops:
D:1 *


Innate Abilities, Weirdness & Mutations

You have very sharp teeth.
Your uncanny sense of smell can sniff out nearby items.
Your experience applies equally to all skills.


Message History

The adder bites you but does no damage.
You closely miss the adder.
The adder is lightly wounded.
The adder closely misses you.
You hit the adder.
The adder is moderately wounded.
The adder bites you but does no damage. The adder closely misses you.
You barely miss the adder.
The adder is moderately wounded.
The adder bites you but does no damage.
You barely miss the adder.
The adder is moderately wounded.
The adder bites you but does no damage.
You closely miss the adder.
The adder is moderately wounded.
The ogre barely misses you. The adder misses you.
You hit the adder but do no damage.
The adder is poisoned.
The adder is moderately wounded.
The adder bites you.
The ogre hits you with a +0 giant spiked club!!
The adder barely misses you.
You barely miss the adder. You bite the adder.
The adder is heavily wounded.
The adder barely misses you.
You closely miss the adder.
The adder is heavily wounded.
The ogre closely misses you. The adder barely misses you.
You miss the adder.
The adder is severely wounded.
The adder bites you but does no damage.
The ogre hits you with a +0 giant spiked club!!
* * * LOW HITPOINT WARNING * * *
You miss the adder.
The adder is almost dead.
You kill the adder!
Your Maces & Flails skill increases to level 4!
You hit the ogre.
The ogre is lightly wounded.
The ogre hits you with a +0 giant spiked club!!
You die...

##### ##...# ....# ###...#
##.#...# #####
##......######...###
#...........#......##
#.........#...#...#
##.....#...#@..##.######
#......##..O..###...##.# ###
#..#..........# #...#..###
#.###.........#..#####.......#
..#.##........##.##......<..##
.#..............###..#.....##
.#............#......###...#
..............#).....# ##.##
..............#.....## #.#


You could see an ogre.

Vanquished Creatures
  A black bear (D:5)
  3 ogres
  A phantom (D:5)
  A scorpion (D:5)
  A hound (D:5)
  A jelly (D:4)
  3 orc priests (D:3)
  2 sleepcaps (D:5)
  An orc wizard (D:4)
  2 iguanas
  A sickly merfolk siren (Sewer)
  Terence (D:3)
  A malarious merfolk avatar (Sewer)
  2 ogre zombies (D:4)
  9 adders
  A gnoll zombie (D:4)
  3 river rats (Sewer)
  A white imp (D:3)
  2 ufetubi
  A worm (D:3)
  4 dart slugs
  14 orcs
  11 endoplasms
  5 giant cockroaches
  13 goblins
  5 hobgoblins
  4 jackals (D:1)
  8 kobolds
  2 quokkas (Sewer)
  13 ball pythons
  9 bats
  7 frilled lizards
  23 rats
156 creatures vanquished.

Notes
Turn   | Place    | Note
-------+----------+-------------------------------------------
     0 | D:1      | Zonian the Gnoll Gladiator began the quest for the Orb.
     0 | D:1      | Reached XP level 1. HP: 20/20 MP: 1/1
    41 | D:1      | Reached XP level 2. HP: 24/26 MP: 2/2
    82 | D:1      | Found Pef Murph's Assorted Antiques.
   247 | D:1      | Reached XP level 3. HP: 29/31 MP: 3/3
   543 | D:1      | Reached skill level 1 in Invocations
   822 | D:2      | Reached skill level 1 in Long Blades
   822 | D:2      | Reached skill level 1 in Axes
   822 | D:2      | Reached skill level 1 in Maces & Flails
   822 | D:2      | Reached skill level 1 in Polearms
   822 | D:2      | Reached skill level 1 in Staves
   822 | D:2      | Reached skill level 1 in Ranged Weapons
   822 | D:2      | Reached skill level 1 in Armour
   822 | D:2      | Reached skill level 1 in Stealth
   822 | D:2      | Reached skill level 1 in Shields
   822 | D:2      | Reached skill level 1 in Unarmed Combat
   822 | D:2      | Reached skill level 1 in Spellcasting
   822 | D:2      | Reached skill level 1 in Evocations
   827 | D:2      | Found a faded altar of an unknown god.
   933 | D:2      | Reached XP level 4. HP: 36/38 MP: 5/5
  1330 | D:3      | Noticed Terence
  1339 | D:3      | Killed Terence
  1340 | D:3      | Reached skill level 1 in Conjurations
  1340 | D:3      | Reached skill level 1 in Hexes
  1340 | D:3      | Reached skill level 1 in Summonings
  1340 | D:3      | Reached skill level 1 in Necromancy
  1340 | D:3      | Reached skill level 1 in Translocations
  1340 | D:3      | Reached skill level 1 in Transmutations
  1340 | D:3      | Reached skill level 1 in Fire Magic
  1340 | D:3      | Reached skill level 1 in Ice Magic
  1340 | D:3      | Reached skill level 1 in Air Magic
  1340 | D:3      | Reached skill level 1 in Earth Magic
  1340 | D:3      | Reached skill level 1 in Poison Magic
  1417 | D:3      | Reached XP level 5. HP: 14/43 MP: 5/7
  1668 | D:3      | Found a glowing drain.
  1682 | Sewer    | Entered a sewer
  1785 | Sewer    | Reached XP level 6. HP: 50/50 MP: 8/8
  1852 | Sewer    | Reached skill level 5 in Fighting
  1852 | Sewer    | Reached skill level 5 in Throwing
  2547 | D:3      | Reached XP level 7. HP: 56/56 MP: 10/10
  2760 | D:4      | Found a transporter.
  2809 | D:4      | Found a transporter.
  3658 | D:5      | Entered Level 5 of the Dungeon
  4076 | D:5      | Identified the +0 mace of Rotation {freeze, rF++ rN++
                  | Will-}
  4174 | D:5      | Reached XP level 8. HP: 63/63 MP: 12/12
  4795 | D:5      | Found a staircase to the Ecumenical Temple.
  5019 | D:6      | Mangled by an ogre

Illustrated notes

Levels and vault maps discovered:
D:1:      reono_arrival_mine, layout_basic, serial_shops, shop
D:2:      layout_rooms, chequers_ecumenical_altar_simple
D:3:      minmay_wonky_spiral, layout_rooms, portal_sewer_entry_b,
          grunt_ministairs_6, uniq_terence
D:4:      gammafunk_cloud_chamber, layout_rooms, minmay_manual_monolith
D:5:      layout_basic, minmay_temple_entry_fiery
D:6:      layout_cave_pools, enter_ossuary_5

Skill      XL: |  1  2  3  4  5  6  7  8 |
---------------+-------------------------+-----
Invocations    | 1 2 3 |  3.7
Long Blades    | 1 2 3 |  3.3
Axes           | 1 2 3 |  3.3
Maces & Flails | 1 2 3 4 |  4.0
Polearms       | 1 2 3 |  3.3
Staves         | 1 2 3 |  3.3
Ranged Weapons | 1 2 3 |  3.3
Armour         | 1 2 3 |  3.3
Stealth        | 1 2 3 |  3.3
Shields        | 1 2 3 |  3.3
Unarmed Combat | 1 2 3 |  3.3
Spellcasting   | 1 2 3 |  3.3
Evocations     | 1 2 3 |  3.3
Conjurations   | 1 2 |  2.7
Hexes          | 1 2 |  2.7
Summonings     | 1 2 |  2.7
Necromancy     | 1 2 |  2.7
Translocations | 1 2 |  2.7
Transmutations | 1 2 |  2.7
Fire Magic     | 1 2 |  2.7
Ice Magic      | 1 2 |  2.7
Air Magic      | 1 2 |  2.7
Earth Magic    | 1 2 |  2.7
Poison Magic   | 1 2 |  2.7
Fighting       | 5 |  5.7
Throwing       | 5 |  5.7
Short Blades   | 7 |  7.4
Dodging        | 7 |  7.4

Action                     |  1- 3 |  4- 6 |  7- 9 || total
---------------------------+-------+-------+-------++-------
  Melee: Rapier            |    62 |       |       ||    62
         Bite              |     9 |    15 |    35 ||    59
         Punch             |     2 |     4 |     3 ||     9
         Dagger            |    39 |   180 |   193 ||   412
         War axe           |       |       |     9 ||     9
  Throw: Throwing net      |       |     2 |     2 ||     4
         Javelin           |       |       |     1 ||     1
    Use: Scroll            |       |       |     5 ||     5
         Potion            |       |       |     1 ||     1
   Stab: Sleeping          |     3 |     2 |     1 ||     6
         Held in net/web   |       |     2 |     1 ||     3
 Armour: Leather armour    |    30 |     1 |       ||    31
         Scale mail        |       |    50 |    65 ||   115
  Dodge: Dodged            |    55 |    95 |   111 ||   261

Table legend: (Time is in decaauts)
 A = Elapsed time spent in this place.
 B = Non-inter-level travel time spent in this place.
 C = Inter-level travel time spent in this place.
 D = Time resting spent in this place.
 E = Time spent auto-exploring this place.
 F = Levels seen in this place.
 G = Mean time per level.
                   A        B        C        D        E       F      G
               +--------+--------+--------+--------+--------+-----+--------+
         Total |   4962 |   4766 |    196 |    954 |   2521 |   7 |  708.9 |
       Dungeon |   4493 |   4297 |    196 |    754 |   2453 |   6 |  748.8 |
         Sewer |    469 |    469 |      0 |    200 |     68 |   1 |  469.0 |
               +--------+--------+--------+--------+--------+-----+--------+

Top non-repeatable levels by time:
     D:5: 1271 daAuts
     D:4: 945 daAuts
     D:3: 850 daAuts
     D:1: 793 daAuts
     D:2: 507 daAuts
   Sewer: 469 daAuts
     D:6: 125 daAuts
